 Dungeon Crawl Stone Soup version 0.25.0-37-gb73750e0fb (webtiles) character file.

Game seed: 16676200034908623930

661 Surreaal the Digger (level 7, -2/36 HPs)
             Began as a Gargoyle Earth Elementalist on July 8, 2020.
             Slain by IHuginn's ghost (9 damage)
             ... on level 5 of the Dungeon.
             The game lasted 00:17:50 (3665 turns).

Surreaal the Digger (Gargoyle Earth Elementalist)   Turns: 3665, Time: 00:17:50

Health: -2/36      AC:  7    Str: 11    XL:     7   Next: 56%
Magic:  9/15       EV: 12    Int: 18    God:
Gold:   140        SH:  0    Dex: 10    Spells: 15/16 levels left

rFire    . . .     SeeInvis .   u - +2 quarterstaff (chaos)
rCold    + . .     Gourm    .   (shield currently unavailable)
rNeg     + . .     Faith    .   c - +0 robe
rPois    ∞         Spirit   .   (no helmet)
rElec    +         Reflect  .   v - +0 cloak
rCorr    .         Harm     .   (no gloves)
MR       .....                  (no boots)
Stlth    ++........             (no amulet)
HPRegen  0.12/turn              p - ring of protection from cold
MPRegen  0.14/turn              (no ring)

@: no status effects
A: negative energy resistance 1, electricity resistance, unbreathing,
petrification resistance, rot immunity, AC +4
a: no special abilities


You were on level 5 of the Dungeon.
You were not hungry.

You visited 1 branch of the dungeon, and saw 5 of its levels.

You collected 140 gold pieces.

Inventory:

Hand Weapons
 u - a +2 quarterstaff of chaos (weapon)
Missiles
 b - 54 stones (quivered)
 e - a throwing net
Armour
 c - a +0 robe (worn)
 h - a +2 centaur barding
 v - a +0 cloak (worn)
Jewellery
 p - a ring of protection from cold (left hand)
Wands
 o - a wand of digging (5)
 r - a wand of disintegration (6)
Scrolls
 a - 2 scrolls of identify
 j - 3 scrolls of remove curse {unknown}
 k - 3 scrolls of magic mapping {unknown}
 l - 2 scrolls of enchant weapon {unknown}
 m - 3 scrolls of fog {unknown}
 s - a scroll of fear {unknown}
 x - a scroll of enchant armour {unknown}
Potions
 f - a potion of mutation
 g - a potion of berserk rage
 i - 2 potions of haste {unknown}
 n - a potion of magic {unknown}
 q - a potion of stabbing {unknown}
 t - a potion of degeneration {unknown}
Comestibles
 d - 5 rations


   Skills:
 - Level 1.5 Dodging
 - Level 2.1 Stealth
 + Level 5.4 Spellcasting
   Level 0.7 Transmutations
 + Level 7.7 Earth Magic


You had 15 spell levels left.
You knew the following spells:

 Your Spells              Type           Power        Failure   Level  Hunger
a - Sandblast             Erth           ####..       1%          1    None

Your spell library contained the following spells:

 Spells                   Type           Power        Failure   Level  Hunger
 Passwall                 Tmut/Erth      ###.....     3%          2    #......
 Stone Arrow              Conj/Erth      ###...       8%          3    ##.....
 Lee's Rapid Deconstruct  Erth           ####......   14%         5    ######.
 Petrify                  Tmut/Erth      ###.....     22%         4    ####...


Dungeon Overview and Level Annotations

Branches:
Dungeon (5/15)
 Temple: D:4-7

Altars:
Beogh

Annotations:
D:5 IHuginn's ghost, amateur DsGl


Innate Abilities, Weirdness & Mutations

You are resistant to torment.
Your stone body is resilient. (AC +4)
You are immune to poison.
You resist negative energy. (rN+)
You are resistant to electric shocks. (rElec)
You can survive without breathing.
You are immune to petrification.
You are immune to rotting.


Message History

Aim: IHuginn's ghost (lightly damaged)
The blast of sand misses IHuginn's ghost.
The blast of sand misses the orc priest.
The blast of sand hits the orc.
The orc is heavily wounded.
b - 54 stones IHuginn's ghost hits you.
* * * LOW HITPOINT WARNING * * *
The orc priest calls upon Beogh to heal the orc.
The orc's wounds heal themselves!
Aiming: Disintegrate
Press: ? - help, Shift-Dir - straight line, f/p - IHuginn's ghost
Aim: IHuginn's ghost (lightly damaged, chance to defeat MR: 48%) IHuginn's ghost is blasted!!
IHuginn's ghost closely misses you.
Okay, then.
Aiming: Disintegrate
Press: ? - help, Shift-Dir - straight line, f/p - IHuginn's ghost
Aim: IHuginn's ghost (heavily damaged, chance to defeat MR: 48%) IHuginn's ghost is blasted!!
IHuginn's ghost hits you!
You die...

#..# #..# #..# #..#
#..# #..# #####..# #..#
.......### #..#
.........########..#
.###...#...........####
.# ########..####.....#
.# #8.......ooW@..8#.#
.# #######''o#######(#
.# #.............##.#
.# #....#####....#..#
.# #.###.....###.####
.# #.#8#..8..#8#.# .# #
............# .#
8....[_[....8# .######


You could see an orc priest, IHuginn's ghost and 2 orcs.

Vanquished Creatures
  Grinder (D:4)
  An ogre (D:4)
  A hound (D:5)
  Crazy Yiuf (D:4)
  4 orc wizards (D:4)
  A worker ant (D:4)
  An iguana (D:4)
  4 gnolls (D:2)
  5 adders
  4 worms
  A dart slug (D:1)
  A leopard gecko (D:5)
  5 orcs
  2 giant cockroaches
  9 goblins
  2 hobgoblins (D:1)
  6 jackals
  A quokka (D:4)
  A ball python (D:4)
  A ball python skeleton (D:4)
  5 bats
  3 frilled lizards (D:1)
  7 kobolds
  A leopard gecko skeleton (D:4)
  6 rats
74 creatures vanquished.

Notes
Turn   | Place    | Note
-------+----------+-------------------------------------------
     0 | D:1      | Surreaal the Gargoyle Earth Elementalist began the quest
                  | for the Orb.
     0 | D:1      | Reached XP level 1. HP: 10/10 MP: 3/3
   206 | D:1      | Reached XP level 2. HP: 13/15 MP: 1/5
   207 | D:1      | Reached skill level 4 in Earth Magic
   901 | D:2      | Reached XP level 3. HP: 19/19 MP: 3/6
  1171 | D:2      | Reached XP level 4. HP: 18/24 MP: 1/8
  1448 | D:3      | Reached skill level 5 in Earth Magic
  2270 | D:4      | Reached XP level 5. HP: 28/28 MP: 7/10
  2287 | D:4      | Noticed Grinder
  2309 | D:4      | Killed Grinder
  2309 | D:4      | Reached skill level 6 in Earth Magic
  2309 | D:4      | Reached XP level 6. HP: 17/32 MP: 0/12
  2553 | D:4      | Reached skill level 7 in Earth Magic
  2553 | D:4      | Reached XP level 7. HP: 32/36 MP: 9/14
  2738 | D:4      | Reached skill level 5 in Spellcasting
  3290 | D:4      | Found a runed translucent door.
  3291 | D:4      | Noticed Crazy Yiuf
  3385 | D:4      | Killed Crazy Yiuf
  3490 | D:5      | Entered Level 5 of the Dungeon
  3611 | D:5      | Found a runed translucent gate.
  3612 | D:5      | Found a runed translucent gate.
  3612 | D:5      | Found a runed translucent gate.
  3612 | D:5      | Noticed IHuginn's ghost (amateur DsGl)
  3615 | D:5      | Found a roughly hewn altar of Beogh.
  3665 | D:5      | Slain by IHuginn's ghost

Illustrated notes

Levels and vault maps discovered:
D:1:      evilmike_arrival_hilbert_curve, layout_basic
D:2:      layout_basic
D:3:      layout_basic, first_ration
D:4:      layout_loops_cross, hangedman_abyss_or_decor_passed, uniq_grinder,
          uniq_crazy_yiuf_cottage
D:5:      layout_loops_ring, biasface_ghost_orc_armoury, minmay_manual_mail

Skill      XL: |  1  2  3  4  5  6  7 |
---------------+----------------------+-----
Earth Magic    | 4 5 6 7 |  7.7
Spellcasting   | 3 4 5 |  5.4
Dodging        | |  1.5
Stealth        | |  2.1
Transmutations | |  0.7

Action                   |  1- 3 |  4- 6 |  7- 9 || total
-------------------------+-------+-------+-------++-------
Melee: Unarmed           |    29 |     8 |     7 ||    44
 Cast: Sandblast         |    39 |    42 |    34 ||   115
Evoke: Wand              |       |     2 |     2 ||     4
  Use: Scroll            |       |     2 |     2 ||     4
  Eat: Ration            |       |     2 |       ||     2
       Chunk             |       |     1 |     1 ||     2
Armor: Robe              |    13 |    16 |     4 ||    33
Dodge: Dodged            |    29 |    20 |    17 ||    66
